 Dungeon Crawl Stone Soup version 0.17-a0-18-gc25b939 (webtiles) character file.

193 Ngotmuk the Shield-Bearer (level 6, 0/48 HPs)
             Began as a Human Fighter on Mar 12, 2015.
             Slain by a quasit (3 damage)
             ... summoned by Eustachio
             ... on level 4 of the Dungeon.
             The game lasted 00:20:01 (2660 turns).

Ngotmuk the Shield-Bearer (Human Fighter)           Turns: 2660, Time: 00:20:02

Health: 0/48       AC:  4    Str: 17    XL:     6   Next: 2%
Magic:  6/6        EV: 10    Int:  8    God:
Gold:   183        SH:  0    Dex: 14    Spells: 0 memorised, 5 levels left

rFire  . . .     SeeInvis .     q - +4 halberd
rCold  . . .     Clarity  .     b - +0 scale mail
rNeg   . . .     SustAb   +     (no shield)
rPois  .         Gourm    .     (no helmet)
rElec  .         Spirit   .     (no cloak)
rCorr  .         Warding  .     (no gloves)
rMut   .         Stasis   +     (no boots)
MR     .....                    j - amulet of stasis
Stlth  +.........               o - ring of wizardry
                                n - ring of sustain abilities

@: not resistant to hostile enchantments, very unstealthy
A: thin skeletal structure 1, deformed body, weak 1
a: no special abilities


You were on level 4 of the Dungeon.
You were not hungry.

You visited 1 branch of the dungeon, and saw 4 of its levels.

You collected 183 gold pieces.

Inventory:

Hand weapons
 q - a +4 halberd (weapon)
Armour
 b - a +0 scale mail (worn)
 c - a +1 shield
Jewellery
 j - an amulet of stasis (around neck)
 l - an uncursed amulet of resist corrosion
 n - a ring of sustain abilities (left hand)
 o - a ring of wizardry (right hand)
Scrolls
 a - a scroll of magic mapping
 f - 3 scrolls of teleportation
 h - a scroll of remove curse
 k - a scroll of enchant armour
 t - 3 scrolls of identify
 u - a scroll of amnesia
Potions
 e - a potion of might
 p - 2 potions of curing
Comestibles
 d - 5 bread rations
 m - 2 meat rations


   Skills:
 + Level 4.0 Fighting
   Level 1.1(1.7) Short Blades
   Level 2.0(2.2) Long Blades
 + Level 0.2 Polearms
 + Level 3.9 Armour
 + Level 1.8 Dodging
 + Level 0.7 Stealth
 + Level 4.0 Shields


You had 5 spell levels left.
You didn't know any spells.

Dungeon Overview and Level Annotations

Branches:
Dungeon (4/15)
 Temple: D:4-7

Altars:

Annotations:
D:4 Eustachio


Innate Abilities, Weirdness & Mutations

You have a somewhat thin skeletal structure (Dex +2, Stealth).
Armour fits poorly on your strangely shaped body.
You are weak. (Str -2)


Message History

You feel clumsy for a moment. The quasit barely misses you.
The river rat barely misses you. The bat hits you but does no damage.
The quasit bites you but does no damage.
The quasit claws you but does no damage.
The quasit closely misses you. The river rat bites you!
* * * LOW HITPOINT WARNING * * *
It was a potion of cancellation.
Your magical effects are unravelling.
You feel magically purged.
You feel a little less mighty now. The bat hits you but does no damage. x2
The quasit closely misses you.
The quasit claws you but does no damage. x2
The river rat misses you.
It was a potion of mutation.
You feel extremely strange.
You feel weaker.
Your body twists and deforms.
Your bones become slightly less dense.
The bat closely misses you. The bat hits you but does no damage.
The quasit bites you.
You die...

#.#####.#####
#.# #.....#
#.# ###..##.#
#.#
#.....#.##
#.# #.#......
#.# #.#..##.#
#.###.#..##r#
#......@5##r#
#####..#55@b#
##.###### #.#
#.# #.# #.#
#.. #..


You could see Eustachio, a quasit, a river rat, a shadow imp, an ufetubus, a bat
and a rat.

Vanquished Creatures
  An iron imp (D:4)
  An iguana (D:4)
  3 gnolls (D:3)
  A giant mite (D:3)
  A shadow imp (D:4)
  3 adders
  2 river rats (D:4)
  3 worms
  An ufetubus (D:4)
  A giant gecko (D:4)
  An ooze (D:2)
  5 orcs
  10 goblins
  12 hobgoblins
  6 kobolds
  5 quokkas
  2 ball pythons
  8 bats
  2 giant cockroaches (D:3)
  6 giant newts
  7 jackals
  9 rats
90 creatures vanquished.

Notes
Turn   | Place    | Note
--------------------------------------------------------------
     0 | D:1      | Ngotmuk, the Human Fighter, began the quest for the Orb.
     0 | D:1      | Reached XP level 1. HP: 18/18 MP: 1/1
   148 | D:1      | Reached XP level 2. HP: 20/24 MP: 2/2
   454 | D:1      | Reached XP level 3. HP: 27/29 MP: 3/3
   832 | D:2      | Reached XP level 4. HP: 27/35 MP: 4/4
  1047 | D:2      | Reached skill level 1 in Dodging
  1736 | D:3      | Reached XP level 5. HP: 42/42 MP: 5/5
  1866 | D:3      | Reached skill level 1 in Short Blades
  2095 | D:3      | Reached skill level 4 in Shields
  2591 | D:4      | Reached XP level 6. HP: 40/48 MP: 6/6
  2614 | D:4      | Noticed Eustachio
  2658 | D:4      | HP: 2/48 [river rat[Eustachio] (7)]
  2660 | D:4      | Gained mutation: You are weak. (Str -2) [potion of mutation]
  2660 | D:4      | Gained mutation: Armour fits poorly on your strangely shaped body. [potion of mutation]
  2660 | D:4      | Gained mutation: You have a somewhat thin skeletal structure (Dex +2, Stealth). [potion of mutation]
  2660 | D:4      | Slain by a quasit

Action                   |  1- 3 |  4- 6 || total
-------------------------+-------+-------++-------
Melee: Long sword        |    33 |       ||    33
       Short sword       |    93 |   130 ||   223
       Halberd           |       |    63 ||    63
  Use: Scroll            |       |    11 ||    11
       Potion            |       |     5 ||     5
  Eat: Meat ration       |       |     2 ||     2
